 Dungeon Crawl Stone Soup version 0.29-a0-870-g2c972031a6 (webtiles) character file.

Game seed: 13292109084268572361

4517 kevlar127 the Grappler (level 10, -23/106 HPs)
             Began as a Troll Berserker on July 17, 2022.
             Was an Elder of Trog.
             Shot with an arrow by a centaur warrior (30 damage)
             ... on level 9 of the Dungeon.
             The game lasted 00:14:24 (8262 turns).

kevlar127 the Grappler (Troll Berserker)            Turns: 8262, Time: 00:14:25

Health: -23/106    AC:  6    Str: 31    XL:     10   Next: 16%
Magic:  9/9        EV: 10    Int:  3    God:    Trog [****..]
Gold:   445        SH:  0    Dex:  9    Spells: 9/9 levels left

rFire   . . .      SeeInvis .     - Unarmed
rCold   + . .      Faith    .   (no shield)
rNeg    . . .      Spirit   .   C - +1 robe {Will+}
rPois   .          Reflect  .   D - +1 hat
rElec   .          Harm     .   (no cloak)
rCorr   .          Rampage  .   (gloves unavailable)
Will    +++..                   (boots unavailable)
Stlth   +.........              (no amulet)
HPRegen 2.07/turn               I - ring of protection from cold
MPRegen 0.11/turn               H - +4 ring of slaying

@: strong-willed, regenerating
A: large, unfitting armour, claws 3, regeneration 1, shaggy fur 1, tough skin 1
a: Renounce Religion, Berserk, Trog's Hand, Brothers in Arms


You were on level 9 of the Dungeon.
You worshipped Trog.
Trog was greatly pleased with you.
You visited 1 branch of the dungeon, and saw 9 of its levels.

You collected 445 gold pieces.

Inventory:

Missiles
 a - a curare-tipped dart
 q - 4 throwing nets
 r - 83 stones
 s - 5 poisoned darts
 v - 2 boomerangs (quivered)
 F - a boomerang of dispersal
 J - 5 datura-tipped darts
Armour
 C - a +1 robe of willpower (worn)
 D - a +1 hat (worn)
Jewellery
 d - a +6 ring of dexterity
 l - a +6 ring of dexterity
 H - a +4 ring of slaying (right claw)
 I - a ring of protection from cold (left claw)
Wands
 p - a wand of quicksilver (15)
 t - a wand of flame (48)
Scrolls
 b - 4 scrolls of enchant armour {unknown}
 f - 4 scrolls of identify {unknown}
 g - 3 scrolls of noise {unknown}
 m - 2 scrolls of vulnerability {unknown}
 o - a scroll of torment {unknown}
 u - a scroll of blinking {unknown}
 w - 2 scrolls of magic mapping {unknown}
 x - a scroll of fear {unknown}
 y - a scroll of poison {unknown}
 z - a scroll of brand weapon {unknown}
 A - a scroll of enchant weapon {unknown}
 B - 2 scrolls of teleportation {unknown}
 G - a scroll of fog {unknown}
Potions
 c - 3 potions of lignification {unknown}
 e - 2 potions of might {unknown}
 h - 2 potions of curing {unknown}
 i - 4 potions of mutation {unknown}
 j - a potion of degeneration {unknown}
 k - 2 potions of heal wounds {unknown}
 n - 2 potions of invisibility {unknown}
 E - 2 potions of flight {unknown}


   Skills:
 + Level 8.5 Fighting
 - Level 5.0 Throwing
 - Level 3.0 Dodging
 + Level 10.1 Unarmed Combat


You had 9 spell levels left.
You didn't know any spells.
Your spell library was empty.

Dungeon Overview and Level Annotations

Branches:
Dungeon (9/15)             Temple (0/1) D:4
   Lair: D:8-11         Orc: D:9-12

Altars:
Makhleb
Nemelex Xobeh
Qazlal
Ru
Sif Muna
Uskayaw

Shops:
D:9 [


Innate Abilities, Weirdness & Mutations

You are too large for most types of armour.
You have claws for hands.
Your natural rate of healing is unusually fast.
You are covered in fur. (AC +1)
You have tough skin. (AC +1)


Message History

A centaur warrior is nearby!
A centaur warrior is nearby!
Throw: 2 boomerangs
Press: ? - help, Q - select action, (/) - cycle Shift-Dir - straight line, f - centaur warrior
Aim: a centaur warrior (wandering, hasn't noticed you, 72% to hit)
You throw a boomerang. The centaur warrior shouts!
The boomerang hits the centaur warrior.
The centaur warrior is lightly wounded.
The centaur warrior wields a +0 shortbow.
The centaur warrior shoots an arrow.
The arrow completely misses you.
Throw: 2 boomerangs
Press: ? - help, Q - select action, (/) - cycle Shift-Dir - straight line, f/p - centaur warrior
Aim: a centaur warrior, wielding a +0 shortbow (lightly wounded, 72% to hit)
You throw a boomerang.
The boomerang hits the centaur warrior but does no damage.
The centaur warrior is lightly wounded.
The centaur warrior shoots an arrow.
The arrow hits you!!
The centaur warrior shoots an arrow.
The arrow hits you!!
An orc priest comes into view. It is wielding a +0 club.
The centaur warrior shoots an arrow.
The arrow barely misses you.
The centaur warrior shoots an arrow.
The arrow hits you!!
An orc wizard comes into view. It is wielding a +0 dagger.
The orc wizard shouts!
You are too injured to fight recklessly!
Your skin crawls.
You feel strong-willed.
The centaur warrior shoots an arrow.
The arrow hits you!!
* * * LOW HITPOINT WARNING * * *
Okay, then.
The centaur warrior shoots an arrow.
The arrow hits you!!
* * * LOW HITPOINT WARNING * * *
The centaur warrior shoots an arrow.
The arrow hits you!
* * * LOW HITPOINT WARNING * * *
The centaur warrior shoots an arrow.
The arrow hits you!
* * * LOW HITPOINT WARNING * * *
Things that are here:
a +0 giant club; a +0 giant spiked club; a two-headed ogre corpse The centaur warrior shoots an arrow.
The arrow hits you!!
You die...

##########
#oc......#
§§.)'o######.#
≈§..' #c# ..§§
#.# ..§ ####.#
++ ..##.#
#.##)#####
#.##.@...#
#.#####.## #.#
#.# #.#####.#
#.....#.#
#..##.#.#
#..<#.#.#
#...#.#.#
#...#.#.#


You could see a centaur warrior.

Vanquished Creatures
  2 two-headed ogres
  Prince Ribbit (D:7)
  6 yaks
  A steam dragon (D:8)
  A water moccasin (D:7)
  2 orc warriors (D:6)
  2 ice beasts
  A black bear (D:5)
  2 phantoms (D:4)
  A kobold brigand (D:6)
  Blork the orc (D:5)
  2 bullfrogs
  3 scorpions
  A killer bee (D:8)
  6 howler monkeys
  2 hounds (D:6)
  3 orc priests
  A gnoll bouda (D:7)
  An iguana (D:5)
  6 orc wizards
  15 gnolls
  7 adders
  A white imp (D:6)
  A worm (D:3)
  3 dart slugs
  33 orcs
  9 ball pythons
  6 endoplasms
  5 giant cockroaches
  5 goblins
  6 hobgoblins
  7 kobolds
  3 quokkas
  3 bats (D:1)
  2 frilled lizards
  A rat (D:2)
152 creatures vanquished.

Vanquished Creatures (others)
  An orc wizard (D:6)
1 creature vanquished.

Grand Total: 153 creatures vanquished

Notes
Turn   | Place    | Note
-------+----------+-------------------------------------------
     0 | D:1      | kevlar127 the Troll Berserker began the quest for the Orb.
     0 | D:1      | Reached XP level 1. HP: 22/22 MP: 0/0
   131 | D:1      | Reached XP level 2. HP: 29/29 MP: 1/1
   402 | D:1      | Found a faded altar of an unknown god.
   716 | D:2      | Reached XP level 3. HP: 34/36 MP: 2/2
  1394 | D:3      | Reached XP level 4. HP: 44/45 MP: 3/3
  1432 | D:3      | Reached ** piety under Trog
  1443 | D:3      | Reached skill level 4 in Unarmed Combat
  2220 | D:3      | Reached XP level 5. HP: 24/53 MP: 4/4
  3853 | D:4      | Found a staircase to the Ecumenical Temple.
  3895 | D:4      | Reached skill level 5 in Unarmed Combat
  3895 | D:4      | Reached XP level 6. HP: 52/62 MP: 5/5
  4287 | D:4      | Found a hide-covered altar of Uskayaw.
  4288 | D:4      | Found a shimmering blue altar of Sif Muna.
  4671 | D:5      | Entered Level 5 of the Dungeon
  4811 | D:5      | Reached XP level 7. HP: 71/71 MP: 6/6
  4854 | D:5      | Reached skill level 1 in Throwing
  4912 | D:5      | Reached skill level 6 in Unarmed Combat
  4923 | D:5      | Noticed Blork the orc
  4930 | D:5      | Killed Blork the orc
  4930 | D:5      | Reached *** piety under Trog
  4931 | D:5      | Reached skill level 5 in Fighting
  5468 | D:6      | Reached XP level 8. HP: 81/81 MP: 7/7
  5855 | D:6      | Reached skill level 7 in Unarmed Combat
  5960 | D:6      | Found a burning altar of Makhleb.
  6234 | D:7      | Found a stormy altar of Qazlal.
  6235 | D:7      | Found a sacrificial altar of Ru.
  6342 | D:7      | Noticed Prince Ribbit
  6395 | D:7      | Killed Prince Ribbit
  6867 | D:8      | Reached XP level 9. HP: 92/92 MP: 8/8
  6910 | D:8      | Reached skill level 5 in Throwing
  6910 | D:8      | Reached skill level 8 in Unarmed Combat
  7011 | D:8      | Noticed a two-headed ogre
  7027 | D:8      | Killed a two-headed ogre
  7028 | D:8      | Reached skill level 9 in Unarmed Combat
  7513 | D:8      | Reached **** piety under Trog
  7692 | D:9      | Found a sparkling altar of Nemelex Xobeh.
  7739 | D:8      | Reached XP level 10. HP: 51/104 MP: 9/9
  8050 | D:9      | Found Ilom's Armour Emporium.
  8213 | D:9      | Noticed a two-headed ogre
  8220 | D:9      | Killed a two-headed ogre
  8221 | D:9      | Reached skill level 10 in Unarmed Combat
  8246 | D:9      | Noticed a centaur warrior
  8256 | D:9      | HP: 4/106 [centaur warrior/arrow (12)]
  8262 | D:9      | Shot with an arrow by a centaur warrior

Illustrated notes

Levels and vault maps discovered:
D:1:      psy_arrival_whirlpool, layout_basic,
          hellmonk_ecumenical_altar_crossroads, moated_statue, minmay_tromino_v2
D:2:      layout_basic, chequers_serial_rivers_micro_a, minmay_tiny_reverse_x
D:3:      layout_basic
D:4:      nicolae_cairo_tiling_large_dashed, layout_cave_pods,
          nicolae_overflow_hidden_temple, minmay_temple_entry_offerings
D:5:      layout_basic, uniq_blork_the_orc
D:6:      layout_loops_cross, mainiacjoe_overflow_tiny_flanked
D:7:      layout_cave_pools, mainiacjoe_overflow_divided_tiny,
          uniq_prince_ribbit1
D:8:      lemuel_ice_spiral_2, layout_basic
D:9:      layout_basic, mainiacjoe_overflow_concentric_impassable,
          mainiacjoe_overflow_alcove_1, serial_shops, shop,
          ebering_ghost_reflecting_pool, kennysheep_generic_room_15

Skill      XL: |  1  2  3  4  5  6  7  8  9 10 |
---------------+-------------------------------+-----
Fighting       | 3 4 5 6 8 |  8.5
Dodging        | 3 |  3.0
Unarmed Combat | 4 5 6 7 9 10 | 10.1
Throwing       | 2 4 5 |  5.0

Action                   |  1- 3 |  4- 6 |  7- 9 | 10-12 || total
-------------------------+-------+-------+-------+-------++-------
Melee: Unarmed           |    82 |   114 |   171 |     3 ||   370
       Punch             |     2 |     3 |     9 |       ||    14
Throw: Dart              |       |       |    15 |     3 ||    18
       Throwing net      |       |       |     2 |       ||     2
       Boomerang         |       |       |    43 |     5 ||    48
Invok: Berserk           |       |     1 |     2 |       ||     3
       Trog's Hand       |       |       |     2 |     1 ||     3
 Stab: Sleeping          |       |     2 |       |       ||     2
       Held in net/web   |       |       |     3 |       ||     3
Armor: Animal skin       |    31 |    16 |     2 |       ||    49
       Robe              |       |       |    32 |       ||    32
Dodge: Dodged            |    41 |    45 |    80 |     3 ||   169

Table legend: (Time is in decaauts)
 A = Elapsed time spent in this place.
 B = Non-inter-level travel time spent in this place.
 C = Inter-level travel time spent in this place.
 D = Time resting spent in this place.
 E = Time spent auto-exploring this place.
 F = Levels seen in this place.
 G = Mean time per level.
                   A        B        C        D        E       F      G
               +--------+--------+--------+--------+--------+-----+--------+
         Total |   8252 |   7741 |    511 |   1201 |   5596 |   9 |  916.9 |
       Dungeon |   8252 |   7741 |    511 |   1201 |   5596 |   9 |  916.9 |
               +--------+--------+--------+--------+--------+-----+--------+

Top non-repeatable levels by time:
     D:3: 1754 daAuts
     D:2: 1381 daAuts
     D:8: 1347 daAuts
     D:6: 875 daAuts
     D:4: 860 daAuts
     D:1: 670 daAuts
     D:5: 579 daAuts
     D:7: 510 daAuts
     D:9: 272 daAuts
